 Dungeon Crawl Stone Soup version 0.30-a0-222-ge547ba4400 (webtiles) character file.

Game seed: 9065112819075452985

81532 Sobieck the Imperceptible (level 16, 0/101 HPs)
             Began as a Kobold Gladiator on Oct 8, 2022.
             Was a Believer of Uskayaw.
             Slain by a salamander
             ... wielding a +0 glaive
              (7 damage)
             ... while paralysed by a great orb of eyes
             ... on level 15 of the Dungeon.
             The game lasted 00:49:50 (28741 turns).

Sobieck the Imperceptible (Kobold Gladiator)       Turns: 28741, Time: 00:49:51

Health: 0/101      AC: 10    Str: 13    XL:     16   Next: 18%
Magic:  24/24      EV:  3    Int: 11    God:    Uskayaw [**....]
Gold:   1346       SH:  0    Dex: 28    Spells: 15/15 levels left

rFire   . . .      SeeInvis .    b - +0 rapier (elec) {short}
rCold   + . .      Faith    .    (no shield)
rNeg    . . .      Spirit   .    q - +0 leather armour "Wootte" {Int+2 Dex+5}
rPois   .          Reflect  +    c - +0 helmet
rElec   .          Harm     .    i - +1 cloak {Stlth+}
rCorr   .          Rampage  .    m - +1 pair of gloves
Will    +....                    J - +0 pair of boots Stlth *+++++++++
                                 G - amulet of reflection
HPRegen 0.36/turn                D - ring of protection from cold
MPRegen 0.19/turn                A - +4 ring of evasion

@: paralysed, studying Fighting
A: small, no large weapons, nightstalker 3
a: Renounce Religion, Stomp, Line Pass


You were on level 15 of the Dungeon.
You worshipped Uskayaw.
Uskayaw was aware of your devotion.
You visited 4 branches of the dungeon, and saw 23 of its levels.
You also visited: Sewer.

You collected 1963 gold pieces.
You spent 617 gold pieces at shops.


Innate Abilities, Weirdness & Mutations

You are small and have problems with some larger weapons.
You are completely attuned to the shadows.


   Skills:
 + Level 12.1 Fighting
 - Level 14.0 Short Blades
 - Level 2.1 Throwing
 - Level 5.3 Armour
 + Level 14.3 Dodging
 - Level 23.0 Stealth
 - Level 11.0 Invocations


You had 15 spell levels left.
You didn't know any spells.
Your spell library contained the following spells:

 Spells                   Type           Power      Damage    Failure   Level
 Freeze                   Ice            0%         1d3       41%         1
 Kiss of Death            Conj/Necr      0%         2d5       41%         1
 Confusing Touch          Hex            0%         N/A       78%         3
 Dazzling Flash           Conj/Hex       0%         N/A       78%         3
 Frozen Ramparts          Ice            0%         1d1       78%         3
 Gell's Gravitas          Tloc           0%         N/A       78%         3
 Hailstorm                Conj/Ice       0%         3d3       78%         3
 Lesser Beckoning         Tloc           0%         N/A       78%         3
 Teleport Other           Tloc           0%         N/A       78%         3
 Tukima's Dance           Hex            0%         N/A       78%         3
 Dispel Undead            Necr           0%         3d6       99%         4
 Ice Form                 Ice/Tmut       0%         N/A       99%         4
 Olgreb's Toxic Radiance  Pois           0%         N/A       99%         4
 Passage of Golubria      Tloc           0%         N/A       99%         4
 Summon Ice Beast         Ice/Summ       0%         N/A       99%         4
 Agony                    Necr           0%         N/A       100%        5
 Silence                  Hex/Air        0%         N/A       100%        5
 Yara's Violent Unravell  Hex/Tmut       0%         3d3       100%        5
 Ozocubu's Refrigeration  Ice            0%         4d7       100%        7
 Ignition                 Fire           0%         3d3       100%        8

Inventory:

Hand Weapons
 a - a +3 short sword of electrocution {short}
   (You took it off an orc on level 3 of the Dungeon)
 b - a +0 rapier of electrocution (weapon) {short}
   (You found it on level 7 of the Dungeon)
 n - a +0 spectral rapier {short}
 w - the +8 trident "Xuynn" {freeze, Will- Dex+3, polearm}
   (You found it on level 3 of the Lair of Beasts)

   It freezes those it strikes, dealing additional cold damage.
   It can also slow down cold-blooded creatures.
   Dex:       It affects your dexterity (+3).
   Will:      It decreases your willpower.
 L - the +7 sling "Omapsonk" {venom, rC++ Str-4 Dex+4}
   (You found it on level 14 of the Dungeon)

   Any ammunition fired from it poisons the flesh of those it strikes.
   Str:       It affects your strength (-4).
   Dex:       It affects your dexterity (+4).
   rC:        It greatly protects you from cold.
Missiles
 d - 9 throwing nets (quivered) {=f!fthrowing}
 e - 12 boomerangs {throwing}
 t - 99 poisoned darts {throwing}
 R - 9 curare-tipped darts {=fthrowing}
Armour
 c - a +0 helmet (worn)
 i - a +1 cloak of stealth (worn)
   (You took it off Maurice on level 8 of the Dungeon)
 m - a +1 pair of gloves (worn)
   (You found it on level 1 of the Dungeon)
 o - a +1 ring mail of poison resistance
   (You took it off Terence on level 2 of the Dungeon)
 q - the +0 leather armour "Wootte" (worn) {Int+2 Dex+5}
   (You found it on level 14 of the Dungeon)

   Int:       It affects your intelligence (+2).
   Dex:       It affects your dexterity (+5).
 J - a +0 pair of boots (worn)
   (You found it on level 5 of the Lair of Beasts)
 T - a +0 troll leather armour
   (You found it on level 13 of the Dungeon)
Magical Staves
 K - a staff of poison {!astaff}
   (You found it on level 5 of the Lair of Beasts)
Jewellery
 A - a +4 ring of evasion (right hand)
   (You found it on level 14 of the Dungeon)
 B - a ring of fire
   (You found it on level 8 of the Dungeon)
 D - a ring of protection from cold (left hand)
   (You found it on level 7 of the Dungeon)
 G - an amulet of reflection (around neck)
   (You found it on level 4 of the Lair of Beasts)
 I - a ring of ice
   (You found it on level 2 of the Lair of Beasts)
 M - a ring of fire
   (You found it on level 4 of the Dungeon)
 U - a ring of protection from fire
   (You found it on level 15 of the Dungeon)
 Y - an amulet of the acrobat
   (You found it on level 5 of the Dungeon)
Wands
 v - a wand of iceblast (5)
   (You found it on level 3 of the Dungeon)
 x - a wand of flame (9)
   (You found it on level 3 of the Lair of Beasts)
 z - a wand of paralysis (42)
   (You found it on level 3 of the Dungeon)
 F - a wand of polymorph (5)
   (You found it on level 4 of the Lair of Beasts)
 O - a wand of digging (18)
   (You found it on level 5 of the Dungeon)
Scrolls
 f - 10 scrolls of teleportation {@r4}
 j - 4 scrolls of vulnerability {!r!r}
 k - a scroll of poison {!r}
 l - 4 scrolls of magic mapping {!r}
 y - a scroll of immolation {!r!r}
 P - 3 scrolls of fear
Potions
 g - 3 potions of flight
 h - 3 potions of lignification {!q}
 p - a potion of invisibility {unknown}
 r - 5 potions of mutation {!q}
 s - 3 potions of brilliance
 u - a potion of attraction {!q}
 C - a potion of curing {@q1}
 E - a potion of ambrosia
 H - 3 potions of resistance
 Q - 2 potions of degeneration {!q@e2}
 S - 4 potions of cancellation
Miscellaneous
 N - a lightning rod (4/4)
   (You found it on level 5 of the Lair of Beasts)
 X - a phantom mirror
   (You found it on level 1 of the Lair of Beasts)

Dungeon Overview and Level Annotations

Branches:
Dungeon (15/15) Zot: 26959  Temple (1/1) D:6 Zot: 5845    Lair (5/5) D:10 Zot: 21861
 Shoals (0/4) Lair:3       Spider (0/4) Lair:3        Slime (0/5) Lair:5
    Orc (2/2) D:10 Zot: 10544     Elf (0/3) Orc:2        Vaults (0/5) D:13
  Sewer (visited)
 Depths: D:15

Altars:
Ashenzari
Cheibriados
Dithmenos
Elyvilon
Fedhas
Gozag
Hepliaklqana
Kikubaaqudgha
Makhleb
Nemelex Xobeh
Okawaru
Qazlal
Ru
Sif Muna
Trog
Uskayaw
Vehumet
Wu Jian
Xom
Yredelemnul
Zin
The Shining One
Jiyva

Shops:
D:3 [!   D:5 [   D:6 *:   D:10 *((   D:13 !

Annotations:
D:8 exclusion: 3 oklob plants

###. ..#.####.
#...#H..
.#.≈GQN≈. #
.*..@### ##
##.....# #.
#####.##### ##.
#)....##### #..
#####.....####.#
#####.##...#
#..#.### ##...#
#..##


You could see a great orb of eyes, a salamander, a manticore, a tengu conjurer
and a battlesphere.


Message History

(D) Dungeon (T) Temple (L) Lair (A) Shoals (N) Spider Nest (M) Slime Pits (O) Orcish Mines (E) Elven Halls (V) Vaults
Where to? (Enter - D:13, ? - help)
There is a stone staircase leading down here.
You climb downwards.
There is a stone staircase leading up here.
Unknown command.
Unknown command.
Unknown command.
U - a ring of protection from fire Unknown command.
A tengu conjurer comes into view.
A tengu warrior comes into view. It is wielding a +0 dire flail.
The tengu conjurer moves out of view.
Danger!
The tengu warrior shouts!
The tengu conjurer closely misses you. The tengu conjurer misses you.
The tengu conjurer completely misses you.
The tengu warrior misses you.
The tengu warrior pecks you but does no damage.
The tengu warrior completely misses you.
You hit the tengu warrior.
A salamander comes into view. It is wielding a +0 glaive.
You hit the tengu warrior.
Lightning courses through the tengu warrior!
The tengu conjurer points at you and mumbles some strange words.
The bolt of lightning hits you!
The tengu warrior hits you with a +0 dire flail.
The tengu warrior pecks you but does no damage.
The tengu warrior completely misses you.
A manticore comes into view.
You hear a trumpeting!
You completely miss the tengu warrior. You hit the tengu warrior.
The tengu warrior hits you with a +0 dire flail.
The tengu warrior pecks you. The tengu warrior misses you.
The tengu conjurer completely misses you.
The tengu conjurer pecks you. The tengu conjurer misses you.
You are too injured to fight recklessly!
You are too injured to fight recklessly!
You are too injured to fight recklessly!
Unknown command.
You puncture the tengu warrior!
Lightning courses through the tengu warrior!
You can now pass through a line of other dancers.
You closely miss the tengu warrior.
The tengu conjurer casts a spell.
The tengu conjurer conjures a globe of magical energy!
The tengu warrior completely misses you.
The tengu warrior closely misses you. You block the tengu warrior's attack.
A battlesphere comes into view.
Unknown command.
Unknown command.
You puncture the tengu warrior!
You punch the tengu warrior, but do no damage.
The salamander completely misses you.
Unknown command.
You puncture the tengu warrior!
You kill the tengu warrior!
The tengu conjurer completely misses you.
The tengu conjurer pecks you but does no damage.
The tengu conjurer completely misses you.
A great orb of eyes comes into view.
You completely miss the tengu conjurer.
The salamander hits you from afar with a +0 glaive!
You are engulfed in flames!
* * * LOW HITPOINT WARNING * * *
Unknown command.
You barely miss the tengu conjurer.
The tengu conjurer completely misses you.
You block the tengu conjurer's attack. The tengu conjurer barely misses you.
Unknown command.
You hit the tengu conjurer. The salamander barely misses you.
Unknown command.
You miss the tengu conjurer.
The tengu conjurer completely misses you. x2
The tengu conjurer closely misses you. The great orb of eyes gazes at you.
You suddenly lose the ability to move!
The salamander hits you from afar with a +0 glaive.
* * * LOW HITPOINT WARNING * * *
You are engulfed in flames!
* * * LOW HITPOINT WARNING * * *
The tengu conjurer hits you.
* * * LOW HITPOINT WARNING * * *
The tengu conjurer pecks you.
* * * LOW HITPOINT WARNING * * *
The tengu conjurer claws you.
* * * LOW HITPOINT WARNING * * *
The salamander hits you from afar with a +0 glaive.
* * * LOW HITPOINT WARNING * * *
You are engulfed in flames!
* * * LOW HITPOINT WARNING * * *
The tengu conjurer hits you but does no damage.
The tengu conjurer pecks you but does no damage.
The tengu conjurer claws you but does no damage.
The great orb of eyes bites you but does no damage.
The salamander hits you from afar with a +0 glaive!
You die...

Skill      XL: |  1  2  3  4  5  6  7  8  9 10 11 12 13 14 15 16 |
---------------+-------------------------------------------------+-----
Stealth        | 1 2 3 5 6 9 13 16 20 23 | 23.0
Fighting       | 3 4 6 7 8 9 11 12 | 12.1
Short Blades   | 5 6 7 8 10 13 14 | 14.0
Dodging        | 5 7 9 11 12 14 | 14.3
Invocations    | 2 10 11 | 11.0
Armour         | 3 5 |  5.3
Throwing       | |  2.1

Action                   |  1- 3 |  4- 6 |  7- 9 | 10-12 | 13-15 | 16-18 || total
-------------------------+-------+-------+-------+-------+-------+-------++-------
Melee: Rapier            |    68 |    85 |       |       |   252 |    36 ||   441
       Punch             |     1 |     5 |     4 |     6 |    15 |     2 ||    33
       Short sword       |       |   154 |   290 |   502 |   795 |       ||  1741
Invok: Line Pass         |       |       |       |     1 |    15 |       ||    16
       Stomp             |       |       |       |       |     1 |       ||     1
       Grand Finale      |       |       |       |       |     1 |       ||     1
Evoke: Wand              |       |       |       |       |     1 |       ||     1
  Use: Scroll            |       |    10 |     4 |     7 |    21 |       ||    42
       Potion            |       |       |     2 |     7 |    14 |       ||    23
 Stab: Sleeping          |     7 |    21 |    25 |    27 |    65 |     3 ||   148
       Distracted        |       |     2 |       |     1 |    10 |       ||    13
       Paralysed         |       |       |       |     2 |    56 |     5 ||    63
       Confused          |       |       |       |     1 |    11 |       ||    12
Armor: Leather armour    |    15 |     4 |       |       |     2 |     8 ||    29
       Ring mail         |       |    37 |    49 |    87 |   183 |       ||   356
Dodge: Dodged            |    40 |    98 |    98 |   375 |   780 |    32 ||  1423
Block: Other             |       |       |       |       |   121 |     3 ||   124
       Reflection        |       |       |       |       |     1 |       ||     1

Levels and vault maps discovered:
D:1:      heliophobic_arrival_ceremonial_halls, layout_loops_ring,
          hellmonk_ecumenical_altar_slurped_away, minmay_tiny_reverse_x
D:2:      layout_basic, serial_bayou_pond_a, minmay_misc_feat_doors,
          st_stairs_3, uniq_terence
D:3:      layout_rooms, mainiacjoe_overflow_24_doors,
          nicolae_hepliaklqana_hazy_memory, zin_scriptorium, serial_shops,
          nicolae_lakefront_shop, shop, serial_co_window_serial,
          co_window_paths_a, co_window_paths_a, co_window_paths_a,
          co_window_of_opportunity_a, co_window_of_opportunity_a,
          co_window_paths_c, co_window_2corner, co_window_of_opportunity_b,
          co_window_2corner, co_window_corner_ca
D:4:      layout_rooms, mainiacjoe_overflow_catwalk, serial_rivers,
          chequers_serial_rivers_large_a, chequers_serial_rivers_marsh,
          chequers_serial_rivers_room_a, chequers_serial_rivers_marsh,
          chequers_serial_rivers_large_b, chequers_serial_rivers_marsh,
          minivault_5, corexii_checkpoint_b
D:5:      layout_gridville, nicolae_gozag_cash_rules_everything_around_me,
          nicolae_ossuary_entry_ruins, serial_shops, nicolae_shop_statue_plus,
          gup_sewer_entry_bowl, amcnicky_mini_pool_medium
D:6:      layout_cave_pools, minmay_temple_entry_trees, serial_shops, shop,
          nicolae_stop_n_shop_1, uniq_pikel
D:7:      kennysheep_kobold_camp, layout_gridville,
          mainiacjoe_overflow_brackets, grunt_dithmenos_shadows,
          hangedman_feature_mirror, uniq_menkaure, uniq_joseph,
          uniq_prince_ribbit1
D:8:      layout_layer_cave, amcnicky_mini_pool_small, disabler_island,
          uniq_maurice
D:9:      layout_roguey [special_room_kobold], nicolae_uskayaw_suspiria,
          uniq_erica, uniq_harold
D:10:     layout_stronghold, dpeg_oklobed_lair, orc_0_dummy, serial_shops,
          shop_statue, nicolae_shop_crystal, nicolae_shop_hallway_plus,
          statue_in_the_mist_lemuel, hive_lemuel
D:11:     layout_stronghold
D:12:     layout_cave_pools
D:13:     minmay_recursive_quarters, layout_long_grid, david_vaults_4,
          serial_shops, nicolae_shop_window_shopping, minivault_25_ag,
          minmay_misc_feat_alley, pond
D:14:     layout_small_grid, minivault_19, hangedman_aviary, uniq_agnes
D:15:     hangedman_depths_entry_try_elsewhere_first, layout_rooms,
          xom_teletrap_fun, special_room [special_room_mythical_zoo],
          nicolae_benzene_ring, uniq_jorgrun
Temple:   nicolae_temple_two_arcs
Lair:1:   layout_small_grid, lemuel_fruit_tree, grunt_megastairs_2
Lair:2:   layout_chaotic_city, minivault_11
Lair:3:   layout_regular_city, shoals_dummy_entry, spider_nest_entry_rubble,
          serial_bayou_shore_a, serial_bayou_shore_b, serial_bayou_shore_b,
          serial_bayou_shore_b
Lair:4:   layout_cellular_growth, minivault_24, st_stairs_12,
          grunt_forest_small_clearings
Lair:5:   grunt_lair_end_beastmaster, layout_loops_ring,
          minmay_slime_entry_pillars, portal_ice_cave_entry_pillars_1,
          serial_bayou_pond_c
Orc:1:    layout_diamond_mine
Orc:2:    pf_orc_diabolical, layout_diamond_mine

Notes
Turn   | Place    | Note
-------+----------+-------------------------------------------
     0 | D:1      | Sobieck the Kobold Gladiator began the quest for the Orb.
     0 | D:1      | Reached XP level 1. HP: 12/12 MP: 1/1
   163 | D:1      | Reached XP level 2. HP: 12/18 MP: 2/2
   214 | D:1      | Found a faded altar of an unknown god.
   220 | D:1      | Reached skill level 1 in Stealth
   553 | D:1      | Reached XP level 3. HP: 22/22 MP: 3/3
  1036 | D:2      | Noticed Terence
  1040 | D:2      | Killed Terence
  1041 | D:2      | Reached skill level 3 in Fighting
  1041 | D:2      | Reached skill level 5 in Short Blades
  1041 | D:2      | Reached skill level 2 in Stealth
  1041 | D:2      | Reached XP level 4. HP: 28/28 MP: 4/4
  1384 | D:2      | Reached XP level 5. HP: 32/32 MP: 5/5
  1604 | D:2      | Reached skill level 3 in Stealth
  1773 | D:3      | Found Tatrozus's Antique Armour Boutique.
  1775 | D:3      | Reached skill level 6 in Short Blades
  1779 | D:3      | Bought a cloak for 117 gold pieces
  1789 | D:3      | Found a glowing silver altar of Zin.
  2049 | D:3      | Reached XP level 6. HP: 38/38 MP: 6/6
  2198 | D:3      | Found Teohih Dibu's Distillery.
  2270 | D:3      | Found a burning altar of Makhleb.
  2508 | D:3      | Found a hazy altar of Hepliaklqana.
  2852 | D:4      | Found a radiant altar of Vehumet.
  2913 | D:4      | Reached skill level 4 in Stealth
  2962 | D:4      | Reached skill level 4 in Fighting
  3250 | D:4      | Reached skill level 7 in Short Blades
  3927 | D:5      | Entered Level 5 of the Dungeon
  3947 | D:5      | You pick up a book of Rime and begin reading...
  3947 | D:5      | You add the spells Frozen Ramparts, Ice Form and Summon Ice
                  | Beast to your library.
  4028 | D:5      | Reached skill level 5 in Stealth
  4037 | D:5      | Found a glowing drain.
  4041 | Sewer    | Entered a sewer
  4091 | Sewer    | Reached XP level 7. HP: 36/43 MP: 7/7
  4137 | Sewer    | Reached skill level 6 in Stealth
  4467 | Sewer    | Reached skill level 4 in Dodging
  4894 | D:5      | Found Wurahuen's Antique Armour Shoppe.
  4936 | D:5      | You pick up a book of Displacement and begin reading...
  4936 | D:5      | You add the spells Lesser Beckoning, Gell's Gravitas and
                  | Teleport Other to your library.
  5069 | D:5      | Reached skill level 5 in Dodging
  5128 | D:5      | Reached skill level 8 in Short Blades
  5211 | D:5      | Reached XP level 8. HP: 42/48 MP: 8/8
  5293 | D:5      | Reached skill level 6 in Dodging
  5296 | D:5      | Reached skill level 9 in Short Blades
  5507 | D:5      | Reached skill level 7 in Dodging
  5647 | D:5      | Found an opulent altar of Gozag.
  5649 | D:5      | Reached skill level 10 in Short Blades
  5750 | D:6      | Reached XP level 9. HP: 52/52 MP: 9/9
  5757 | D:6      | Found a staircase to the Ecumenical Temple.
  5766 | Temple   | Entered the Ecumenical Temple
  5992 | D:6      | Found Konana's Book Shop.
  5997 | D:6      | Identified the +2 leather armour of Nupranot {Str+3}
  6036 | D:6      | Noticed Pikel
  6045 | D:6      | Killed Pikel
  6046 | D:6      | Reached skill level 5 in Fighting
  6046 | D:6      | Reached skill level 8 in Dodging
  6046 | D:6      | Reached skill level 7 in Stealth
  6067 | D:6      | Found Muegilesch's Assorted Antiques.
  6070 | D:6      | Reached skill level 8 in Stealth
  6458 | D:7      | Noticed Prince Ribbit
  6491 | D:7      | You add the spells Tukima's Dance, Passage of Golubria and
                  | Yara's Violent Unravelling to your library.
  6506 | D:7      | Found a shimmering altar of Xom.
  6537 | D:7      | Reached skill level 6 in Fighting
  6556 | D:7      | Found a basalt altar of Yredelemnul.
  6570 | D:7      | Noticed Joseph
  6588 | D:7      | Killed Joseph
  6589 | D:7      | Reached skill level 9 in Stealth
  6678 | D:7      | Found a shadowy altar of Dithmenos.
  6682 | D:7      | Reached skill level 9 in Dodging
  6682 | D:7      | Reached XP level 10. HP: 61/61 MP: 10/10
  6708 | D:7      | Found an iron altar of Okawaru.
  6824 | D:7      | Noticed Menkaure
  7047 | D:7      | Killed Prince Ribbit
  7193 | D:7      | Reached skill level 7 in Fighting
  7483 | D:7      | Killed Menkaure
  7484 | D:7      | Reached skill level 10 in Stealth
  8163 | D:8      | Noticed Maurice
  8167 | D:8      | Killed Maurice
  8168 | D:8      | Reached skill level 10 in Dodging
  8373 | D:8      | Noticed an oklob plant
  8375 | D:8      | Noticed an oklob plant
  9093 | D:8      | Reached skill level 11 in Stealth
  9618 | D:8      | Noticed an oklob plant
  9669 | D:9      | Noticed Harold
  9682 | D:9      | Killed Harold
  9683 | D:9      | Reached skill level 11 in Dodging
  9683 | D:9      | Reached skill level 12 in Stealth
 10010 | D:9      | Noticed a kobold demonologist
 10012 | D:9      | Killed a kobold demonologist
 10013 | D:9      | Reached skill level 13 in Stealth
 10013 | D:9      | Reached XP level 11. HP: 67/67 MP: 11/11
 10027 | D:9      | Noticed a two-headed ogre
 10111 | D:9      | Killed a two-headed ogre
 10112 | D:9      | Reached skill level 14 in Stealth
 10238 | D:9      | Noticed Erica
 10335 | D:9      | Reached skill level 15 in Stealth
 10625 | D:9      | Reached skill level 16 in Stealth
 10751 | D:9      | You pick up a book of Frost and begin reading...
 10751 | D:9      | You add the spells Freeze and Hailstorm to your library.
 11064 | D:9      | Killed Erica
 11193 | D:9      | Found a hide-covered altar of Uskayaw.
 11198 | D:9      | Became a worshipper of Uskayaw the Reveller
 11360 | D:10     | Entered Level 10 of the Dungeon
 11360 | D:10     | Found Hiaczutz's General Store.
 11444 | D:10     | Reached * piety under Uskayaw
 11451 | D:10     | Reached ** piety under Uskayaw
 11510 | D:10     | Reached skill level 1 in Invocations
 11567 | D:10     | Reached *** piety under Uskayaw
 11795 | D:10     | Found Virapyrch's Antique Weapon Boutique.
 11892 | D:10     | Reached skill level 2 in Invocations
 11901 | D:10     | Found Patu's Weapon Boutique.
 12027 | D:10     | Found a staircase to the Lair.
 12066 | D:10     | Reached XP level 12. HP: 73/73 MP: 13/13
 12073 | D:10     | Reached **** piety under Uskayaw
 12082 | D:10     | Reached ***** piety under Uskayaw
 12084 | D:10     | Reached skill level 8 in Fighting
 12343 | D:10     | Found a staircase to the Orcish Mines.
 12594 | D:10     | Reached skill level 3 in Invocations
 13295 | D:3      | Bought a potion of experience for 500 gold pieces
 13295 | D:3      | Reached skill level 10 in Invocations
 13295 | D:3      | Reached XP level 13. HP: 78/78 MP: 14/20
 13800 | D:11     | Reached skill level 12 in Dodging
 13800 | D:11     | Reached skill level 17 in Stealth
 14474 | Lair:1   | Entered Level 1 of the Lair of Beasts
 14526 | Lair:1   | Reached skill level 11 in Invocations
 14600 | Lair:1   | Reached skill level 18 in Stealth
 14954 | Lair:1   | Reached skill level 19 in Stealth
 15600 | Lair:1   | You pick up a book of Touch and begin reading...
 15600 | Lair:1   | You add the spells Kiss of Death, Confusing Touch and
                  | Dispel Undead to your library.
 16227 | Lair:2   | Reached skill level 20 in Stealth
 16248 | Lair:2   | HP: 19/78 [wolf (4)]
 16988 | Lair:3   | Identified the +8 trident "Xuynn" {freeze, Will- Dex+3}
 17317 | Lair:3   | Noticed a four-headed hydra
 17322 | Lair:3   | Killed a four-headed hydra
 17323 | Lair:3   | Reached XP level 14. HP: 84/84 MP: 22/22
 17660 | Lair:3   | Found a hole to the Spider Nest.
 17994 | Lair:3   | Found a staircase to the Shoals.
 18340 | Lair:4   | Reached skill level 21 in Stealth
 18396 | Lair:4   | Reached ****** piety under Uskayaw
 18563 | Lair:4   | HP: 19/84 [blink frog (9)]
 19045 | Lair:4   | Reached skill level 22 in Stealth
 19619 | Lair:4   | You add the spells Olgreb's Toxic Radiance, Ozocubu's
                  | Refrigeration and Ignition to your library.
 19642 | Lair:4   | You fall into a shaft and drop 1 floor!
 19642 | Lair:5   | Entered Level 5 of the Lair of Beasts
 19657 | Lair:5   | Found a viscous altar of Jiyva.
 19673 | Lair:5   | Reached skill level 23 in Stealth
 20229 | Lair:5   | HP: 18/84 [lindwurm/blast of flame (21)]
 20232 | Lair:5   | Reached skill level 1 in Armour
 20528 | Lair:5   | HP: 12/84 [black mamba (15)]
 20829 | Lair:5   | Reached skill level 2 in Armour
 21375 | Lair:5   | Reached skill level 9 in Fighting
 21446 | Lair:5   | Reached skill level 3 in Armour
 21805 | Lair:5   | Found a staircase to the Slime Pits.
 21825 | Lair:5   | Reached XP level 15. HP: 90/90 MP: 23/23
 22024 | Lair:5   | Reached skill level 13 in Dodging
 22207 | Lair:5   | HP: 12/91 [eight-headed hydra (13)]
 22207 | Lair:5   | HP: 1/91 [eight-headed hydra (11)]
 22677 | Lair:4   | HP: 20/91 [catoblepas/blast of calcifying dust (7)]
 23048 | D:12     | Identified a scroll of acquirement
 23055 | D:12     | Reached skill level 4 in Armour
 23061 | D:12     | Acquired a manual of Fighting
 23304 | D:12     | Reached skill level 10 in Fighting
 23817 | D:13     | Found Onatroef's Distillery.
 24046 | D:13     | You pick up a book of the Senses and begin reading...
 24046 | D:13     | You add the spells Dazzling Flash, Agony and Silence to
                  | your library.
 24266 | D:13     | HP: 16/93 [basilisk (8)]
 24290 | D:13     | HP: 23/93 [something (1)]
 24299 | D:13     | HP: 18/93 [something (6)]
 24309 | D:13     | HP: 22/93 [something (4)]
 24758 | D:13     | Reached skill level 11 in Fighting
 24770 | D:13     | Reached skill level 5 in Armour
 25300 | D:13     | Reached skill level 14 in Dodging
 25889 | Orc:1    | Entered Level 1 of the Orcish Mines
 26508 | Orc:2    | Entered Level 2 of the Orcish Mines
 26814 | Orc:2    | Found a staircase to the Elven Halls.
 26939 | Orc:2    | Reached skill level 11 in Short Blades
 27111 | Orc:2    | HP: 18/95 [sixfirhy (8)]
 27111 | Orc:2    | HP: 8/95 [sixfirhy (10)]
 27511 | D:13     | Found a gate to the Vaults.
 27847 | D:14     | Reached skill level 12 in Short Blades
 28010 | D:14     | Identified the +0 leather armour "Wootte" {Int+2 Dex+5}
 28112 | D:14     | Noticed Agnes
 28116 | D:14     | Killed Agnes
 28148 | D:14     | Reached skill level 13 in Short Blades
 28265 | D:14     | Reached XP level 16. HP: 100/100 MP: 24/24
 28433 | D:14     | Reached skill level 14 in Short Blades
 28478 | D:14     | Reached skill level 12 in Fighting
 28573 | D:14     | Identified the +7 sling "Omapsonk" {venom, rC++ Str-4
                  | Dex+4}
 28695 | D:15     | Entered Level 15 of the Dungeon
 28738 | D:15     | Paralysed by a great orb of eyes for 5 turns
 28739 | D:15     | HP: 24/101 [tengu conjurer (3)]
 28740 | D:15     | HP: 7/101 [salamander/+0 glaive (13)]
 28741 | D:15     | Slain by a salamander

Vanquished Creatures
  Agnes (D:14)
  6 hydras
  Harold (D:9)
  Erica (D:9)
  2 catoblepae (Lair:5)
  5 centaur warriors
  A two-headed ogre (D:9)
  4 boulder beetles
  3 death yaks (Lair:5)
  A deep troll shaman (Lair:5)
  7 tengu warriors
  A shadow wraith (D:13)
  A swamp dragon (shapeshifter) (D:13)
  Pikel (D:6)
  2 lindwurms (Lair:5)
  12 ugly things
  4 harpies (D:14)
  2 orc sorcerers (Orc:2)
  2 cyclopes
  A manticore (D:11)
  16 elephants
  Joseph (D:7)
  5 black mambas
  Maurice (D:8)
  7 cane toads
  3 gargoyles
  2 unseen horrors
  An efreet (D:13)
  5 kobold demonologists
  7 komodo dragons
  2 freezing wraiths (D:14)
  A tarantella (Lair:3)
  3 hornets
  3 trolls
  3 polar bears
  Prince Ribbit (D:7)
  31 blink frogs
  A dream sheep (shapeshifter) (D:13)
  4 slime creatures
  3 shadows
  46 yaks
  4 wraiths
  2 wyverns
  2 vampires (D:13)
  A golden eye (shapeshifter) (D:13)
  4 basilisks
  3 vampire mosquitoes (D:13)
  Menkaure (D:7)
  A steam dragon (D:9)
  2 wargs (Orc:1)
  9 water moccasins
  An acid dragon (D:10)
  5 orc warriors
  An ice beast (D:5)
  A swamp drake (D:13)
  2 black bears
  5 ogres
  21 wolves
  4 centaurs
  2 phantoms
  A lemure (D:6)
  4 bullfrogs
  20 kobold brigands
  2 scorpions
  3 necrophages
  8 killer bees
  A howler monkey (D:6)
  4 jellies
  5 hounds
  9 orc priests
  Terence (D:2)
  4 iguanas
  12 orc wizards
  18 adders
  2 river rats
  2 shadow imps (D:5)
  2 white imps
  An ufetubus (D:4)
  7 worms
  2 dart slugs (D:2)
  48 orcs
  9 endoplasms
  3 giant cockroaches
  11 goblins
  8 hobgoblins
  4 quokkas
  8 ball pythons
  4 bats
  2 frilled lizards
  62 kobolds
  14 rats
556 creatures vanquished.

Vanquished Creatures (collateral kills)
  A catoblepas (Lair:4)
  A swamp dragon (D:13)
  A wyvern (D:8)
  4 killer bees (D:8)
  A dart slug (D:4)
  A kobold (D:4)
  A ball python (D:4)
10 creatures vanquished.

Vanquished Creatures (others)
  45 fungi
  101 plants
146 creatures vanquished.

Grand Total: 712 creatures vanquished

Table legend:
 A = Non-vault XP
 B = Vault XP
 C = Vault XP percentage of total XP
 D = Non-vault monster count
 E = Vault monster count
 F = Vault count percentage of total count
                 A         B        C        D         E       F
            +---------+---------+-------+---------+---------+-------
      Total |   69630 |   34464 |  33.1 |     407 |     158 |  28.0
            +---------+---------+-------+---------+---------+-------
        D:1 |      37 |       5 |  11.9 |      22 |       3 |  12.0
        D:2 |      92 |      40 |  30.3 |      27 |       3 |  10.0
        D:3 |     188 |       0 |   0.0 |      30 |       0 |   0.0
        D:4 |     100 |       4 |   3.8 |      21 |       2 |   8.7
        D:5 |     885 |     185 |  17.3 |      23 |       8 |  25.8
        D:6 |     604 |     697 |  53.6 |      15 |       1 |   6.2
        D:7 |     679 |    1162 |  63.1 |      10 |      25 |  71.4
        D:8 |     834 |     445 |  34.8 |      14 |       1 |   6.7
        D:9 |    4419 |    3496 |  44.2 |      29 |      26 |  47.3
       D:10 |    2396 |       0 |   0.0 |      20 |       0 |   0.0
       D:11 |    3733 |       0 |   0.0 |      12 |       0 |   0.0
       D:12 |    3776 |       0 |   0.0 |      14 |       0 |   0.0
       D:13 |    5497 |    7569 |  57.9 |      14 |      17 |  54.8
       D:14 |   10198 |    7235 |  41.5 |      17 |       9 |  34.6
       D:15 |     809 |       0 |   0.0 |       1 |       0 |   0.0
     Lair:1 |    4222 |    3561 |  45.8 |      21 |       8 |  27.6
     Lair:2 |    2453 |       0 |   0.0 |      13 |       0 |   0.0
     Lair:3 |    3840 |     301 |   7.3 |      11 |       1 |   8.3
     Lair:4 |   10038 |    1364 |  12.0 |      35 |       2 |   5.4
     Lair:5 |   12001 |    7819 |  39.5 |      38 |      20 |  34.5
      Orc:1 |    1319 |       0 |   0.0 |      12 |       0 |   0.0
      Orc:2 |    1510 |     257 |  14.5 |       8 |       4 |  33.3
      Sewer |       0 |     324 | 100.0 |       0 |      28 | 100.0
            +---------+---------+-------+---------+---------+-------

Illustrated notes

Table legend:
 A = Kills in this place as a percentage of kills in entire the game.
 B = Kills by you in this place as a percentage of kills by you in the entire game.
 C = Kills by friends in this place as a percentage of kills by friends in the entire game.
 D = Other kills in this place as a percentage of other kills in the entire game.
 E = Experience gained in this place as a percentage of experience gained in the entire game.
 F = Experience gained in this place divided by the number of levels of this place that you have seen.
                   A       B       C       D       E      F
               +-------+-------+-------+-------+-------+----------------------
         Total | 100.0 | 100.0 | 100.0 | 100.0 | 100.0 | 4337.2
       Dungeon |  64.4 |  64.1 |  90.0 |   0.0 |  52.9 | 3672.3
          Lair |  26.4 |  26.5 |  10.0 | 100.0 |  43.8 | 9119.8
  Orcish Mines |   4.2 |   4.3 |   0.0 |   0.0 |   3.0 | 1543.0
         Sewer |   5.0 |   5.1 |   0.0 |   0.0 |   0.3 | 324.0
               +-------+-------+-------+-------+-------+----------------------

Table legend: (Time is in decaauts)
 A = Elapsed time spent in this place.
 B = Non-inter-level travel time spent in this place.
 C = Inter-level travel time spent in this place.
 D = Time resting spent in this place.
 E = Time spent auto-exploring this place.
 F = Levels seen in this place.
 G = Mean time per level.
                   A        B        C        D        E       F      G
               +--------+--------+--------+--------+--------+-----+--------+
         Total |  28194 |  26322 |   1872 |   4621 |  17653 |  24 | 1174.8 |
       Dungeon |  17516 |  15947 |   1569 |   2226 |  11241 |  15 | 1167.7 |
        Temple |    154 |    146 |      8 |      0 |    136 |   1 |  154.0 |
          Lair |   8138 |   7899 |    239 |   2023 |   4830 |   5 | 1627.6 |
  Orcish Mines |   1455 |   1400 |     55 |    372 |    820 |   2 |  727.5 |
         Sewer |    929 |    929 |      0 |      0 |    626 |   1 |  929.0 |
               +--------+--------+--------+--------+--------+-----+--------+

Top non-repeatable levels by time:
  Lair:5: 2327 daAuts
    D:13: 2162 daAuts
  Lair:4: 1999 daAuts
    D:10: 1888 daAuts
     D:8: 1825 daAuts
     D:9: 1585 daAuts
  Lair:3: 1395 daAuts
  Lair:1: 1357 daAuts
     D:7: 1324 daAuts
     D:4: 1257 daAuts
    D:11: 1143 daAuts
     D:3: 1113 daAuts
  Lair:2: 1058 daAuts
     D:1: 1034 daAuts
     D:5: 1001 daAuts
